 Dungeon Crawl Stone Soup version 0.26-a0-962-g9b92081034 (webtiles) character file.

Game seed: 134296926248635030

51 MordorOrchid the Covert (level 3, 0/35 HPs)
             Began as a Gnoll Delver on Dec 2, 2020.
             Slain by an orc
             ... wielding a +0 short sword
              (4 damage)
             ... on level 3 of the Dungeon.
             The game lasted 00:01:54 (344 turns).

MordorOrchid the Covert (Gnoll Delver)               Turns: 344, Time: 00:01:54

Health: 0/35       AC:  3    Str: 14    XL:     3   Next: 81%
Magic:  4/4        EV: 14    Int: 13    God:
Gold:   4          SH:  0    Dex: 16    Spells: 4/4 levels left

rFire    . . .     SeeInvis .   a - +0 falchion
rCold    . . .     Faith    .   (no shield)
rNeg     . . .     Spirit   .   b - +0 leather armour
rPois    .         Reflect  .   (no helmet)
rElec    .         Harm     .   (no cloak)
rCorr    .         Rampage  .   (no gloves)
MR       .....                  (no boots)
Stlth    ++++......             (no amulet)
HPRegen  0.11/turn              (no ring)
MPRegen  0.09/turn              (no ring)

@: no status effects
A: distributed training, fangs 1, strong nose
a: no special abilities


You were on level 3 of the Dungeon.
You visited 1 branch of the dungeon, and saw 3 of its levels.

You collected 4 gold pieces.

Inventory:

Hand Weapons
 a - a +0 falchion (weapon)
Missiles
 h - 6 javelins
 j - 3 boomerangs of dispersal
 l - 7 poisoned darts (quivered)
Armour
 b - a +0 leather armour (worn)
 k - a +0 ring mail
Wands
 g - a wand of digging (3)
Scrolls
 c - a scroll of fog
 d - a scroll of magic mapping
 e - a scroll of fear
 i - a scroll of remove curse {unknown}
 m - a scroll of blinking {unknown}
Potions
 f - a potion of haste


   Skills:
 + Level 6.5 Fighting
 + Level 1.0 Short Blades
 + Level 4.6 Long Blades
 + Level 1.0 Axes
 + Level 1.0 Maces & Flails
 + Level 1.0 Polearms
 + Level 1.0 Staves
 + Level 1.0 Slings
 + Level 1.0 Bows
 + Level 1.0 Crossbows
 + Level 1.0 Throwing
 + Level 1.0 Armour
 + Level 4.6 Dodging
 + Level 9.5 Stealth
 + Level 1.0 Shields
 + Level 1.0 Unarmed Combat
 + Level 1.0 Spellcasting
 + Level 0.7 Conjurations
 + Level 0.7 Hexes
 + Level 0.7 Summonings
 + Level 0.7 Necromancy
 + Level 0.7 Translocations
 + Level 0.7 Transmutations
 + Level 0.7 Fire Magic
 + Level 0.7 Ice Magic
 + Level 0.7 Air Magic
 + Level 0.7 Earth Magic
 + Level 0.7 Poison Magic
 + Level 1.0 Invocations
 + Level 1.0 Evocations


You had 4 spell levels left.
You didn't know any spells.
Your spell library was empty.

Dungeon Overview and Level Annotations

Branches:
Dungeon (5/15)
 Temple: D:4-7

Altars:

Annotations:
D:4 Sigmund


Innate Abilities, Weirdness & Mutations

Your experience applies equally to all skills.
You have very sharp teeth.
Your uncanny sense of smell can sniff out nearby items.


Message History

Your Crossbows skill increases to level 1!
Your Throwing skill increases to level 1!
Your Armour skill increases to level 1!
Your Shields skill increases to level 1!
Your Unarmed Combat skill increases to level 1!
Your Spellcasting skill increases to level 1!
Your Evocations skill increases to level 1!
Unknown command.
You start resting.
An orc comes into view. It is wielding a +0 short sword.
You start resting.
You hear the slow rusting of a very distant drain.
You start resting.
An orc is nearby!
The orc barely misses you.
You closely miss the orc. The orc hits you but does no damage.
You hit the orc. You bite the orc.
The orc is moderately wounded.
The orc hits you but does no damage. The orc hits you with a +0 short sword.
You die...

###....#####.#.#######
......# #.#.#
#...#.#####.#.#
#######.....##....#.#
..........#.##.##.#.#
.....##.....##.##.#.#
.... #.#..###....#.#
... #..#.# #.####.# r.
#..#.###@# .
#.....†o.# #....(####
#.....# ∆ #..##.# ∆
#....h.# #.....#.#
#...#. )# <...##. .#


You could see an orc.

Vanquished Creatures
  A bullfrog skeleton (D:5)
  An adder (D:3)
  A dart slug (D:3)
  An orc (D:3)
  A giant cockroach (D:3)
  4 jackals (D:3)
  3 kobolds (D:3)
12 creatures vanquished.

Notes
Turn   | Place    | Note
-------+----------+-------------------------------------------
     0 | D:5      | Reached skill level 9 in Stealth
     0 | D:5      | MordorOrchid the Gnoll Delver began the quest for the Orb.
     0 | D:5      | Reached XP level 1. HP: 23/23 MP: 1/1
    15 | D:5      | Noticed an ogre
    53 | D:5      | Reached XP level 2. HP: 21/29 MP: 2/2
    53 | D:5      | Reached XP level 3. HP: 25/35 MP: 3/3
   148 | D:5      | Noticed an ogre
   181 | D:4      | Noticed Sigmund
   212 | D:3      | Reached skill level 1 in Invocations
   312 | D:3      | HP: 1/35 [jackal (2)]
   314 | D:3      | Reached skill level 1 in Short Blades
   314 | D:3      | Reached skill level 1 in Axes
   314 | D:3      | Reached skill level 1 in Maces & Flails
   314 | D:3      | Reached skill level 1 in Polearms
   314 | D:3      | Reached skill level 1 in Staves
   314 | D:3      | Reached skill level 1 in Slings
   314 | D:3      | Reached skill level 1 in Bows
   314 | D:3      | Reached skill level 1 in Crossbows
   314 | D:3      | Reached skill level 1 in Throwing
   314 | D:3      | Reached skill level 1 in Armour
   314 | D:3      | Reached skill level 1 in Shields
   314 | D:3      | Reached skill level 1 in Unarmed Combat
   314 | D:3      | Reached skill level 1 in Spellcasting
   314 | D:3      | Reached skill level 1 in Evocations
   344 | D:3      | Slain by an orc

Illustrated notes

Levels and vault maps discovered:
D:3:      layout_basic, cheibrodos_sewer_entry_bend, minivault_5,
          elyvilon_altar_5, uniq_natasha, uniq_robin
D:4:      layout_loops_corners, tgw_trog, uniq_menkaure, uniq_sigmund
D:5:      layout_rooms, small_statue_intersection

Skill      XL: |  1  2  3 |
---------------+----------+-----
Stealth        | |  9.5
Invocations    | 1 |  1.0
Short Blades   | 1 |  1.0
Axes           | 1 |  1.0
Maces & Flails | 1 |  1.0
Polearms       | 1 |  1.0
Staves         | 1 |  1.0
Slings         | 1 |  1.0
Bows           | 1 |  1.0
Crossbows      | 1 |  1.0
Throwing       | 1 |  1.0
Armour         | 1 |  1.0
Shields        | 1 |  1.0
Unarmed Combat | 1 |  1.0
Spellcasting   | 1 |  1.0
Evocations     | 1 |  1.0
Fighting       | |  6.5
Long Blades    | |  4.6
Dodging        | |  4.6
Conjurations   | |  0.7
Hexes          | |  0.7
Summonings     | |  0.7
Necromancy     | |  0.7
Translocations | |  0.7
Transmutations | |  0.7
Fire Magic     | |  0.7
Ice Magic      | |  0.7
Air Magic      | |  0.7
Earth Magic    | |  0.7
Poison Magic   | |  0.7

Action                   || total
-------------------------++-------
Melee: Falchion          ||    43
       Bite              ||     4
Throw: Dart              ||     2
 Stab: Sleeping          ||     1
Armor: Leather armour    ||    10
Dodge: Dodged            ||    33
       Rpst.: Falchion   ||     9

Table legend: (Time is in decaauts)
 A = Elapsed time spent in this place.
 B = Non-inter-level travel time spent in this place.
 C = Inter-level travel time spent in this place.
 D = Time resting spent in this place.
 E = Time spent auto-exploring this place.
 F = Levels seen in this place.
 G = Mean time per level.
                   A        B        C        D        E       F      G
               +--------+--------+--------+--------+--------+-----+--------+
         Total |    346 |    346 |      0 |    113 |      0 |   3 |  115.3 |
       Dungeon |    346 |    346 |      0 |    113 |      0 |   3 |  115.3 |
               +--------+--------+--------+--------+--------+-----+--------+

Top non-repeatable levels by time:
     D:5: 164 daAuts
     D:3: 159 daAuts
     D:4: 22 daAuts
